 Dungeon Crawl Stone Soup version 0.20-a0-495-g2241292 (webtiles) character file.

175 Duffy the Insei (level 5, 0/33 HPs)
             Began as an Octopode Transmuter on Jan 18, 2017.
             Slain by a slave (6 damage)
             ... led by Pikel
             ... on level 3 of the Dungeon.
             The game lasted 00:04:05 (4693 turns).

Duffy the Insei (Octopode Transmuter)               Turns: 4693, Time: 00:04:06

Health: 0/33       AC:  1    Str: 10    XL:     5   Next: 55%
Magic:  6/8        EV: 14    Int: 15    God:
Gold:   183        SH:  0    Dex: 13    Spells: 2/8 levels left

rFire    . . .     SeeInvis .     - Unarmed
rCold    . . .     Gourm    .   (no shield)
rNeg     . . .     Faith    .   (helmet restricted)
rPois    .         Spirit   .   (no amulet)
rElec    .         Reflect  .   (no ring)
rCorr    .         Harm     .   (no ring)
MR       .....                  (no ring)
Stlth    ++........             (no ring)
Regen    0.2/turn               (no ring)
                                (no ring)
                                (no ring)
                                (no ring)

@: no status effects
A: almost no armour, stealthy swim, amphibious, 8 rings, constrict 8, camouflage
1, gelatinous body 1
a: no special abilities


You were on level 3 of the Dungeon.
You were not hungry.

You visited 1 branch of the dungeon, and saw 4 of its levels.

You collected 183 gold pieces.

Inventory:

Missiles
 a - 29 arrows
 k - 7 javelins (quivered)
Jewellery
 m - an uncursed amulet of inaccuracy
Scrolls
 d - 3 scrolls of enchant weapon
 e - 3 scrolls of remove curse
 g - a scroll of identify
 h - 2 scrolls of enchant armour {unknown}
 i - a scroll of recharging {unknown}
 l - a scroll of teleportation {unknown}
Potions
 f - a potion of agility
 j - a potion of might
Books
 b - a book of Changes

   Spells                             Type                      Level
   a - Beastly Appendage              Transmutation                1
   b - Sticks to Snakes               Transmutation                2
   c - Spider Form                    Transmutation/Poison         3
   d - Ice Form                       Ice/Transmutation            4
   e - Blade Hands                    Transmutation                5
Comestibles
 c - 5 bread rations
 n - a meat ration


   Skills:
 - Level 1.0 Fighting
 + Level 3.0 Dodging
 + Level 5.2 Unarmed Combat
 - Level 2.0 Spellcasting
 - Level 2.0 Transmutations
 - Level 2.0 Poison Magic


You had 2 spell levels left.
You knew the following spells:

 Your Spells              Type           Power        Failure   Level  Hunger
a - Spider Form           Tmut/Pois      #.........   30%         3    ###....
b - Beastly Appendage     Tmut           #.....       12%         1    #......
s - Sticks to Snakes      Tmut           #.......     14%         2    ###....


Dungeon Overview and Level Annotations

Branches:
Dungeon (4/15)
 Temple: D:4-7

Altars:
Trog

Annotations:
D:4 MirrMurr's ghost, amateur OgWz; Pikel


Innate Abilities, Weirdness & Mutations

You cannot wear most types of armour.
You are very stealthy in the water. (Stealth+)
You are amphibious.
You can wear up to eight rings at the same time.
You can use your tentacles to constrict eight enemies at once.
Your skin changes colour to match your surroundings (Stealth+).
Your rubbery body absorbs attacks. (AC +1, EV +1)


Message History

You closely miss the slave.
The slave is lightly wounded.
The slave closely misses you.
You bite the slave!
The slave is moderately wounded.
The slave hits you!
You are too injured to fight recklessly!
You hit the slave.
The slave is moderately wounded.
The slave misses you.
You hit the slave.
The slave looks as sick as possible!
The slave is heavily wounded.
Your transformation has ended.
The slave hits you.
You tentacle-slap the slave but do no damage.
Your grab misses the slave.
The slave is heavily wounded.
Your magical contamination has completely faded away.
The slave hits you.
You die...

######## #~~~~~~# #~#..#~###
#~.##..'(###### #~.##(.(.......
##### #~#(.#~###....( ....#
#~~~~~~###.....
....######################......(
.......#.......p@....#######.....
.............<.>#######..........
....####........# ###.#..#[.)(.
.p### #..(.....#####...#.##.....
### #..............###....)...
#...)....##.(.......#.....
######........##.#####.###.##.#
###.......#.######p# #..##..#..#
....#######.###....# #.#...#..##


You could see a slave.

Vanquished Creatures
  Ijyb (D:2)
  A worker ant (D:4)
  A hound skeleton (D:4)
  An adder (D:2)
  A gnoll (D:1)
  An ooze (D:2)
  2 worms
  A dart slug (D:1)
  4 leopard geckos
  2 orcs
  2 ball pythons (D:3)
  8 goblins
  6 hobgoblins
  13 jackals
  2 quokkas
  3 bats
  8 frilled lizards
  A jackal skeleton (D:4)
  11 kobolds
  10 rats
79 creatures vanquished.

Notes
Turn   | Place    | Note
-------+----------+-------------------------------------------
     0 | D:1      | Duffy the Octopode Transmuter began the quest for the Orb.
     0 | D:1      | Reached XP level 1. HP: 13/13 MP: 3/3
   519 | D:1      | Reached XP level 2. HP: 9/18 MP: 5/5
   671 | D:1      | Learned a level 2 spell: Sticks to Snakes
  1196 | D:1      | Reached skill level 4 in Unarmed Combat
  1205 | D:1      | Reached XP level 3. HP: 10/23 MP: 6/6
  1222 | D:1      | Learned a level 3 spell: Spider Form
  2176 | D:1      | Reached skill level 1 in Poison Magic
  2555 | D:2      | Reached XP level 4. HP: 24/28 MP: 7/7
  2622 | D:2      | You fall through a shaft!
  3191 | D:2      | Noticed Ijyb
  3204 | D:2      | Killed Ijyb
  3204 | D:2      | Reached XP level 5. HP: 30/33 MP: 1/8
  3351 | D:2      | Found a bloodstained altar of Trog.
  3725 | D:3      | Reached skill level 5 in Unarmed Combat
  4248 | D:4      | Noticed MirrMurr's ghost (amateur OgWz)
  4264 | D:4      | Noticed a slave
  4264 | D:4      | Noticed a slave
  4264 | D:4      | Noticed a slave
  4265 | D:4      | Noticed Pikel
  4265 | D:4      | Noticed a slave
  4368 | D:3      | HP: 1/33 [slave[Pikel] (3)]
  4693 | D:3      | Slain by a slave

Vault maps used:
D:1:      saegor_arrival_simple_e
D:2:      trog_butcher_becter, uniq_iyjb
D:3:      kennysheep_generic_room_15
D:4:      serial_shops, nicolae_shop_trees, uniq_pikel

Skill      XL: |  1  2  3  4  5 |
---------------+----------------+-----
Unarmed Combat | 4 5 |  5.2
Poison Magic   | 1 2 |  2.0
Dodging        | 3 |  3.0
Fighting       | |  1.0
Spellcasting   | |  2.0
Transmutations | |  2.0

Action                   |  1- 3 |  4- 6 || total
-------------------------+-------+-------++-------
Melee: Unarmed           |    94 |   103 ||   197
       Constrict         |    25 |    25 ||    50
       Tentacles         |    11 |    11 ||    22
       Punch             |       |     2 ||     2
 Cast: Spider Form       |       |     3 ||     3
  Use: Scroll            |       |     4 ||     4
 Stab: Sleeping          |     4 |     8 ||    12
  Eat: Chunk             |     5 |     5 ||    10
       Bread ration      |       |     1 ||     1
Armor: Skin              |     7 |     5 ||    12
Dodge: Dodged            |    53 |    53 ||   106
